[Event "GER-ch Youth U10W 2020"]
[Site "Willingen"]
[Date "2020.10.29"]
[Round "4.12"]
[White "Zhou, Jenny"]
[Black "Yan, Jenny"]
[Result "1-0"]
[ECO "C54"]
[WhiteElo "1131"]
[BlackElo "952"]
[Annotator "NA RC"]
[PlyCount "29"]
[EventDate "2020.10.27"]
[EventType "swiss"]
[EventRounds "7"]
[EventCountry "GER"]
[SourceTitle "playchess.com"]
[Source "ChessBase"]
[SourceQuality "1"]
[TimeControl "40/4500+30:900+30"]

1. e4 e5 2. Nf3 Nc6 3. Bc4 Bc5 4. c3 Nf6 5. d4 exd4 6. cxd4 Bb4+ 7. Nc3 d5 8. exd5 Nxd5 9. O-O Nxc3 10. bxc3 Bxc3 11. Rb1 O-O 12. Qd3 Bxd4 13. Qc2 Bb6 14. Ng5 Ne5 15. Qxh7# 1-0

[Event "GER-ch Youth U10W 2020"]
[Site "Willingen"]
[Date "2020.10.29"]
[Round "4.13"]
[White "Richter, Johanna"]
[Black "Peglau, Lorena"]
[Result "1-0"]
[ECO "D20"]
[WhiteElo "1150"]
[BlackElo "1061"]
[Annotator "NA RC"]
[PlyCount "73"]
[EventDate "2020.10.27"]
[EventType "swiss"]
[EventRounds "7"]
[EventCountry "GER"]
[SourceTitle "playchess.com"]
[Source "ChessBase"]
[SourceQuality "1"]
[TimeControl "40/4500+30:900+30"]

1. d4 d5 2. c4 dxc4 3. e3 b5 4. a4 c6 5. axb5 cxb5 6. b3 cxb3 7. Bxb5+ Bd7 8. Bc4 Nf6 9. Nc3 Qb6 10. Qxb3 Qxb3 11. Bxb3 e6 12. Nf3 Bb4 13. Bb2 Ne4 14. Rc1 O-O 15. O-O Nxc3 16. Bxc3 Bxc3 17. Rxc3 Rc8 18. Rxc8+ Bxc8 19. Rc1 Bb7 20. e4 Nc6 21. d5 exd5 22. exd5 Ne7 23. d6 Nc6 24. Bd5 Rb8 25. h3 Nb4 26. Bxb7 Nd3 27. Rc8+ Rxc8 28. Bxc8 a5 29. d7 g6 30. d8=Q+ Kg7 31. Qxa5 Nf4 32. Qe5+ Kg8 33. Ng5 Nd3 34. Qe8+ Kg7 35. Qxf7+ Kh6 36. h4 Nxf2 37. Qxh7# 1-0

[Event "GER-ch Youth U10W 2020"]
[Site "Willingen"]
[Date "2020.10.29"]
[Round "4.14"]
[White "Jäger, Viktoria"]
[Black "Tran, Hanna Emilie Mai Hoa"]
[Result "0-1"]
[ECO "C50"]
[WhiteElo "1114"]
[BlackElo "986"]
[Annotator "NA RC"]
[PlyCount "104"]
[EventDate "2020.10.27"]
[EventType "swiss"]
[EventRounds "7"]
[EventCountry "GER"]
[SourceTitle "playchess.com"]
[Source "ChessBase"]
[SourceQuality "1"]
[TimeControl "40/4500+30:900+30"]

1. e4 e5 2. Nf3 Nc6 3. Bc4 d6 4. c3 Nf6 5. d4 Nxe4 6. Bd5 Bf5 7. O-O Be7 8. Nbd2 Nf6 9. Re1 Nxd5 10. Ne4 O-O 11. Bg5 Bxe4 12. Rxe4 Bxg5 13. dxe5 Re8 14. Qxd5 Bh6 15. e6 Qe7 16. Rae1 f6 17. Qb5 Ne5 18. Nd4 c6 19. Qb3 d5 20. Nf5 Qd8 21. Nxh6+ gxh6 22. R1e3 dxe4 23. e7+ Qd5 24. Rg3+ Ng6 25. c4 Qa5 26. c5+ Kg7 27. h3 Qxc5 28. h4 h5 29. Qxb7 Qxe7 30. Qxc6 Rac8 31. Qd5 Qe6 32. Qb7+ Qe7 33. Qd5 Rc1+ 34. Kh2 Rc5 35. Qd4 Qe5 36. Qd7+ Qe7 37. Qd4 Rd8 38. Qb4 Rc7 39. Qe1 f5 40. b3 f4 41. Rg5 h6 42. Qa1+ Kh7 43. g3 hxg5 44. Qe1 gxh4 45. gxh4 Qxh4+ 46. Kg1 Qg4+ 47. Kh2 Qh4+ 48. Kg1 Qh3 49. f3 Nh4 50. Qxe4+ Kg8 51. Qe2 Rc1+ 52. Kf2 Qg2# 0-1

[Event "GER-ch Youth U10W 2020"]
[Site "Willingen"]
[Date "2020.10.29"]
[Round "4.15"]
[White "Nalam, Mokshadha"]
[Black "Manakov, Luisa"]
[Result "1-0"]
[ECO "C54"]
[WhiteElo "962"]
[BlackElo "1103"]
[Annotator "NA RC"]
[PlyCount "149"]
[EventDate "2020.10.27"]
[EventType "swiss"]
[EventRounds "7"]
[EventCountry "GER"]
[SourceTitle "playchess.com"]
[Source "ChessBase"]
[SourceQuality "1"]
[TimeControl "40/4500+30:900+30"]

1. e4 e5 2. Nf3 Nc6 3. Bc4 Bc5 4. c3 Nf6 5. d3 d6 6. h3 Bd7 7. a4 a6 8. O-O h6 9. Nbd2 O-O 10. Re1 Be6 11. Bb3 Qd7 12. Bxe6 fxe6 13. Nf1 Rfe8 14. Be3 Ba7 15. Bxa7 Rxa7 16. d4 exd4 17. cxd4 e5 18. d5 Ne7 19. Ng3 c6 20. dxc6 Nxc6 21. b4 Nxb4 22. Qb3+ Qe6 23. Qxb4 Rc8 24. Rec1 Rxc1+ 25. Rxc1 Qd7 26. Rd1 Ne8 27. Nxe5 Qc7 28. Qb3+ Kh7 29. Nf3 a5 30. Qd3 Kh8 31. Qe3 Ra6 32. e5 Rc6 33. exd6 Nxd6 34. Qf4 b6 35. Ne5 Rc5 36. Ng6+ Kh7 37. Qxd6 Qxd6 38. Rxd6 b5 39. axb5 Rxb5 40. Nf4 a4 41. Ra6 Rb1+ 42. Kh2 Ra1 43. Nge2 a3 44. Nc3 g5 45. Nfe2 h5 46. Nd4 h4 47. Ndb5 Rf1 48. f3 Ra1 49. Rxa3 Rxa3 50. Nxa3 Kg6 51. g3 hxg3+ 52. Kxg3 Kf5 53. Ne2 Kf6 54. Kg4 Kg6 55. Nc2 Kh6 56. h4 gxh4 57. Kxh4 Kg6 58. Kg4 Kf7 59. Kf5 Kf8 60. Kf6 Ke8 61. f4 Kf8 62. f5 Ke8 63. Kg7 Ke7 64. f6+ Ke6 65. f7 Ke5 66. f8=Q Kd5 67. Qe7 Kc6 68. Qd8 Kb7 69. Qd6 Ka8 70. Qd7 Kb8 71. Kf6 Ka8 72. Ke6 Kb8 73. Kd6 Ka8 74. Kc6 Kb8 75. Qb7# 1-0

[Event "GER-ch Youth U10W 2020"]
[Site "Willingen"]
[Date "2020.10.29"]
[Round "4.17"]
[White "Zhou, Leyi Charlotte"]
[Black "Mo, Keyou"]
[Result "1-0"]
[ECO "C44"]
[WhiteElo "1071"]
[BlackElo "950"]
[Annotator "NA RC"]
[PlyCount "113"]
[EventDate "2020.10.27"]
[EventType "swiss"]
[EventRounds "7"]
[EventCountry "GER"]
[SourceTitle "playchess.com"]
[Source "ChessBase"]
[SourceQuality "1"]
[TimeControl "40/4500+30:900+30"]

1. e4 e5 2. Nf3 Nc6 3. d4 exd4 4. Nxd4 Nxd4 5. Qxd4 c5 6. Qd1 d6 7. Nc3 Nf6 8. Bc4 Be6 9. Bxe6 fxe6 10. O-O d5 11. exd5 exd5 12. Re1+ Be7 13. Bg5 O-O 14. Nxd5 Rf7 15. Nxe7+ Kf8 16. Qxd8+ Rxd8 17. Nf5 h6 18. Bxf6 Rxf6 19. Re5 b6 20. Ng3 Rfd6 21. f3 c4 22. b3 cxb3 23. axb3 Rc8 24. c4 b5 25. Rxb5 Re8 26. Rf5+ Kg8 27. Ne4 Rd3 28. Rb1 Rb8 29. Nc5 Re3 30. Rd5 a5 31. Na6 Rbxb3 32. Rxb3 Rxb3 33. Rxa5 g5 34. c5 Rc3 35. Kf2 h5 36. Nb8 Kf7 37. c6 Ke7 38. Rxg5 h4 39. Rh5 Rc4 40. Rh7+ Kd8 41. c7+ Kc8 42. g4 hxg3+ 43. hxg3 Rc2+ 44. Ke3 Rc3+ 45. Kf4 Rc4+ 46. Kg5 Rc5+ 47. Kg4 Rc4+ 48. f4 Rb4 49. Na6 Rb6 50. Rh8+ Kd7 51. c8=Q+ Kd6 52. Rd8+ Ke7 53. Qc7+ Ke6 54. Qd7+ Kf6 55. Rf8+ Kg6 56. f5+ Kh6 57. Rh8# 1-0

[Event "GER-ch Youth U10W 2020"]
[Site "Willingen"]
[Date "2020.10.29"]
[Round "4.18"]
[White "Abram, Kristina-Maria"]
[Black "Becker, Hanna Charlotte"]
[Result "0-1"]
[ECO "C24"]
[WhiteElo "1038"]
[BlackElo "853"]
[Annotator "NA RC"]
[PlyCount "68"]
[EventDate "2020.10.27"]
[EventType "swiss"]
[EventRounds "7"]
[EventCountry "GER"]
[SourceTitle "playchess.com"]
[Source "ChessBase"]
[SourceQuality "1"]
[TimeControl "40/4500+30:900+30"]

1. e4 e5 2. Bc4 Nf6 3. d3 c6 4. Nf3 d5 5. exd5 cxd5 6. Bb5+ Bd7 7. Bxd7+ Nbxd7 8. Qe2 Bd6 9. Bf4 Qe7 10. Bg5 h6 11. Bh4 O-O 12. O-O Qe6 13. Re1 Rfe8 14. Nc3 Rac8 15. Bg3 e4 16. Bxd6 exf3 17. Qxe6 fxe6 18. gxf3 e5 19. Re2 Re6 20. Bb4 b6 21. Rae1 d4 22. Ne4 a5 23. Ba3 b5 24. b4 a4 25. Bb2 Rec6 26. Rc1 Ra8 27. a3 Nh5 28. c3 dxc3 29. Nxc3 Nf4 30. Rd2 Nf6 31. Nxb5 Rac8 32. Rxc6 Rxc6 33. Bxe5 Rc1+ 34. Rd1 Rxd1# 0-1

[Event "GER-ch Youth U10W 2020"]
[Site "Willingen"]
[Date "2020.10.29"]
[Round "4.20"]
[White "Tu, Audrey"]
[Black "Rössling, Laura Marie"]
[Result "0-1"]
[ECO "C50"]
[WhiteElo "754"]
[BlackElo "937"]
[Annotator "NA RC"]
[PlyCount "100"]
[EventDate "2020.10.27"]
[EventType "swiss"]
[EventRounds "7"]
[EventCountry "GER"]
[SourceTitle "playchess.com"]
[Source "ChessBase"]
[SourceQuality "1"]
[TimeControl "40/4500+30:900+30"]

1. e4 e5 2. Nf3 Nc6 3. Bc4 Bc5 4. Nc3 Nf6 5. d3 d6 6. h3 Bd7 7. Ne2 Qe7 8. Ng3 O-O-O 9. O-O h6 10. c3 Be6 11. Bxe6+ fxe6 12. d4 exd4 13. cxd4 Bb6 14. Re1 e5 15. d5 Nd4 16. Nxd4 exd4 17. b3 Rhf8 18. Ba3 Bc5 19. Bb2 Bb4 20. Nf5 Qd7 21. Rf1 Nxe4 22. Nxd4 Bc3 23. Rb1 Nd2 24. Ne6 Nxb1 25. Nxd8 Rxd8 26. Qxb1 Bxb2 27. Qxb2 Re8 28. Qd4 b6 29. a4 Re5 30. Qf4 Qf5 31. Qxf5+ Rxf5 32. g4 Rxd5 33. f4 Rd3 34. h4 Rxb3 35. h5 Rg3+ 36. Kh2 Rxg4 37. f5 Rh4+ 38. Kg3 Rxh5 39. Kg4 Rh2 40. Ra1 Rb2 41. Kh5 Kd8 42. Kg6 Rg2+ 43. Kf7 Rg5 44. f6 gxf6 45. Kxf6 Ra5 46. Kg6 b5 47. Kxh6 bxa4 48. Rf1 a3 49. Rf8+ Kd7 50. Rf7+ Kc6 0-1

[Event "GER-ch Youth U10W 2020"]
[Site "Willingen"]
[Date "2020.10.30"]
[Round "5.1"]
[White "Sickmann, Lisa"]
[Black "Bauer, Laura Sophie"]
[Result "1-0"]
[ECO "D35"]
[WhiteElo "1510"]
[BlackElo "1287"]
[Annotator "NA RC"]
[PlyCount "53"]
[EventDate "2020.10.27"]
[EventType "swiss"]
[EventRounds "7"]
[EventCountry "GER"]
[SourceTitle "playchess.com"]
[Source "ChessBase"]
[SourceQuality "1"]
[TimeControl "40/4500+30:900+30"]

1. d4 d5 2. c4 e6 3. cxd5 exd5 4. Nc3 Nf6 5. Bg5 Be7 6. e3 h6 7. Bh4 O-O 8. Bd3 b6 9. Nge2 Bb7 10. O-O Nbd7 11. Rc1 c5 12. Bg3 Nh5 13. Bc2 Nxg3 14. Nxg3 cxd4 15. Qxd4 Bc5 16. Qd3 Nf6 17. Nh5 Ne4 18. Rfd1 g6 19. Nxe4 dxe4 20. Qc3 gxh5 21. Rxd8 Raxd8 22. Qf6 Rd6 23. Qe5 Rfd8 24. Qxh5 R8d7 25. h3 Rd5 26. Qg4+ Kf8 27. Bxe4 1-0

[Event "GER-ch Youth U10W 2020"]
[Site "Willingen"]
[Date "2020.10.30"]
[Round "5.2"]
[White "Czäczine, Paula"]
[Black "Huber, Laura"]
[Result "1-0"]
[ECO "C45"]
[WhiteElo "1127"]
[BlackElo "1249"]
[Annotator "NA RC"]
[PlyCount "151"]
[EventDate "2020.10.27"]
[EventType "swiss"]
[EventRounds "7"]
[EventCountry "GER"]
[SourceTitle "playchess.com"]
[Source "ChessBase"]
[SourceQuality "1"]
[TimeControl "40/4500+30:900+30"]

1. e4 e5 2. Nf3 Nc6 3. d4 exd4 4. Nxd4 Bc5 5. Be3 Qf6 6. c3 Nge7 7. Bc4 O-O 8. O-O Ne5 9. Bb3 Qg6 10. Nd2 d6 11. f4 Ng4 12. Qe2 Nxe3 13. Qxe3 Nc6 14. Kh1 Qf6 15. N2f3 Re8 16. Rae1 Bd7 17. Qd2 Na5 18. e5 Nxb3 19. Nxb3 Qe7 20. exd6 Qxd6 21. Nxc5 Bb5 22. Qxd6 cxd6 23. Nxb7 Bxf1 24. Rxf1 d5 25. Nc5 Re2 26. Rb1 Rb8 27. Nb3 f6 28. Nfd4 Re4 29. f5 Rbe8 30. Nf3 Re2 31. Kg1 g6 32. Nbd4 R2e7 33. g4 Kh8 34. Ne6 Rg8 35. Kf2 Rb8 36. b4 Rc8 37. Rc1 Rc4 38. Nfd4 Rc8 39. Kf3 gxf5 40. gxf5 h5 41. a4 a6 42. b5 axb5 43. axb5 Rb7 44. Nc6 Rxb5 45. Na7 Rbb8 46. Nxc8 Rxc8 47. Ke3 Rc4 48. Nd4 Kh7 49. h4 Kh6 50. Kd3 Rc7 51. Rb1 Kh7 52. Rb5 Rd7 53. Rb6 Kg7 54. Ne6+ Kf7 55. Kd4 Ra7 56. Kxd5 Ra5+ 57. Nc5 Ra2 58. Ne4 Rh2 59. Rxf6+ Kg7 60. Rg6+ Kf7 61. Ng5+ Kf8 62. Nf3 Rf2 63. Nd4 Rh2 64. c4 Rxh4 65. c5 Rh1 66. c6 Rc1 67. Ne6+ Ke7 68. c7 Kd7 69. Rg8 Rd1+ 70. Ke5 Re1+ 71. Kf6 Rc1 72. Kg6 h4 73. Rh8 Rc4 74. f6 Rg4+ 75. Kh5 Rc4 76. f7 1-0

[Event "GER-ch Youth U10W 2020"]
[Site "Willingen"]
[Date "2020.10.30"]
[Round "5.3"]
[White "Trunz, Tamila"]
[Black "Schube, Theresa"]
[Result "1-0"]
[ECO "C55"]
[WhiteElo "1379"]
[BlackElo "1131"]
[Annotator "NA RC"]
[PlyCount "77"]
[EventDate "2020.10.27"]
[EventType "swiss"]
[EventRounds "7"]
[EventCountry "GER"]
[SourceTitle "playchess.com"]
[Source "ChessBase"]
[SourceQuality "1"]
[TimeControl "40/4500+30:900+30"]

1. e4 e5 2. Nf3 Nc6 3. d4 exd4 4. Bc4 Nf6 5. e5 d5 6. Bb5 Ne4 7. Nxd4 Bd7 8. Bxc6 bxc6 9. O-O Bc5 10. c3 O-O 11. f3 Ng5 12. f4 Ne4 13. Nd2 Bf5 14. Kh1 Bxd4 15. cxd4 Qh4 16. Nxe4 Bxe4 17. Qe2 f6 18. Be3 fxe5 19. fxe5 Qh3 20. Bf4 Qh4 21. Bg3 Qe7 22. Rac1 Rxf1+ 23. Qxf1 Qe6 24. Kg1 Rb8 25. b3 Rb6 26. Qe1 Qg6 27. Qc3 h5 28. h4 Ra6 29. a4 Bd3 30. Kh2 Qe4 31. Re1 Qg6 32. e6 Be4 33. e7 Qe8 34. Qb4 Kf7 35. Rf1+ Ke6 36. Qb7 Rb6 37. Qxc7 Qxe7 38. Qc8+ Qd7 39. Qg8+ 1-0

[Event "GER-ch Youth U10W 2020"]
[Site "Willingen"]
[Date "2020.10.30"]
[Round "5.4"]
[White "Kutz, Ida Klara"]
[Black "Neininger, Sarah"]
[Result "1/2-1/2"]
[ECO "A13"]
[WhiteElo "997"]
[BlackElo "1469"]
[Annotator "NA RC"]
[PlyCount "79"]
[EventDate "2020.10.27"]
[EventType "swiss"]
[EventRounds "7"]
[EventCountry "GER"]
[SourceTitle "playchess.com"]
[Source "ChessBase"]
[SourceQuality "1"]
[TimeControl "40/4500+30:900+30"]

1. c4 e6 2. Nc3 d5 3. d3 c5 4. Nf3 Nc6 5. g3 g6 6. Bg2 Bg7 7. O-O Nge7 8. e3 Nf5 9. b3 Bxc3 10. Rb1 Bg7 11. Ba3 b6 12. Bb2 e5 13. cxd5 Nce7 14. Nxe5 Nd6 15. Nc6 Nxc6 16. dxc6 Bxb2 17. Rxb2 Qc7 18. d4 O-O 19. dxc5 bxc5 20. Qc2 Ba6 21. Rd1 c4 22. e4 cxb3 23. axb3 Rac8 24. e5 Nf5 25. h3 Qxe5 26. Ra2 Nd4 27. Qb2 Ne2+ 28. Kh2 Qxb2 29. Rxb2 Nc3 30. Rd7 Ra8 31. b4 Rfd8 32. Rc2 Ne2 33. Ra2 Bb5 34. Raxa7 Rxa7 35. Rxa7 Nd4 36. c7 Rc8 37. Rb7 Kg7 38. h4 Bc6 39. Bxc6 Nxc6 40. b5 1/2-1/2

[Event "GER-ch Youth U10W 2020"]
[Site "Willingen"]
[Date "2020.10.30"]
[Round "5.5"]
[White "Hoffmann, Svenja"]
[Black "Zimmermann, Lilly Marie"]
[Result "1-0"]
[ECO "C55"]
[WhiteElo "1219"]
[BlackElo "851"]
[Annotator "NA RC"]
[PlyCount "101"]
[EventDate "2020.10.27"]
[EventType "swiss"]
[EventRounds "7"]
[EventCountry "GER"]
[SourceTitle "playchess.com"]
[Source "ChessBase"]
[SourceQuality "1"]
[TimeControl "40/4500+30:900+30"]

1. e4 e5 2. Nf3 Nc6 3. Bc4 Nf6 4. d4 d6 5. dxe5 Nxe4 6. Qd5 Be6 7. Qxe4 d5 8. Qd3 dxc4 9. Qxd8+ Rxd8 10. Nc3 Bb4 11. Bg5 Rd7 12. O-O O-O 13. Rad1 h6 14. Bh4 Bxc3 15. bxc3 Rxd1 16. Rxd1 Bg4 17. Re1 Re8 18. Bg3 Bxf3 19. gxf3 f6 20. e6 a5 21. Bxc7 b5 22. e7 b4 23. cxb4 axb4 24. Re4 b3 25. axb3 c3 26. Bd6 Kf7 27. Kf1 Nxe7 28. Rxe7+ Rxe7 29. Bxe7 Kxe7 30. Ke2 g5 31. Kd3 Ke6 32. Kxc3 f5 33. Kd3 Ke5 34. c4 Kd6 35. b4 Kc6 36. b5+ Kc5 37. Ke3 h5 38. f4 g4 39. f3 g3 40. hxg3 Kb6 41. g4 fxg4 42. fxg4 h4 43. g5 h3 44. Kf3 Kc5 45. g6 Kxc4 46. b6 Kd5 47. b7 Ke6 48. b8=Q Kf6 49. Qe8 Kg7 50. Qf7+ Kh6 51. Qh7# 1-0

[Event "GER-ch Youth U10W 2020"]
[Site "Willingen"]
[Date "2020.10.30"]
[Round "5.7"]
[White "Bakó, Isabella"]
[Black "John, Linnea"]
[Result "1-0"]
[ECO "B38"]
[WhiteElo "1153"]
[BlackElo "1146"]
[Annotator "NA RC"]
[PlyCount "125"]
[EventDate "2020.10.27"]
[EventType "swiss"]
[EventRounds "7"]
[EventCountry "GER"]
[SourceTitle "playchess.com"]
[Source "ChessBase"]
[SourceQuality "1"]
[TimeControl "40/4500+30:900+30"]

1. e4 c5 2. Nf3 Nc6 3. d4 cxd4 4. Nxd4 g6 5. c4 Bg7 6. Be3 Nf6 7. Nc3 O-O 8. Be2 a6 9. Qd2 Qa5 10. Nb3 Qc7 11. c5 d6 12. Bf4 Ne5 13. Nd5 Nxd5 14. Qxd5 Be6 15. cxd6 Bxd5 16. dxc7 Bxe4 17. O-O Rac8 18. Rac1 Bd3 19. Bxe5 Bxe2 20. Bxg7 Kxg7 21. Rfe1 Bg4 22. Rxe7 Kf6 23. Re4 Bf5 24. Rb4 b5 25. Nc5 Ra8 26. Rf4 g5 27. Nd7+ Ke7 28. Rxf5 Kxd7 29. Rd5+ Ke6 30. Rxg5 Kf6 31. Rgc5 Rac8 32. Rc6+ Kg7 33. Rxa6 Rfd8 34. Rac6 Re8 35. f3 Re6 36. R6c5 Ra6 37. a3 Ra5 38. R1c3 f6 39. b4 Ra7 40. Kf2 Kf7 41. Rxb5 Raxc7 42. Rbc5 Rxc5 43. Rxc5 Ra8 44. Ra5 Rc8 45. Ra7+ Kg6 46. b5 Rc2+ 47. Kg3 Rb2 48. a4 Rb4 49. Kf2 Rb2+ 50. Kg3 h6 51. Kf4 Rxg2 52. h4 Re2 53. b6 Rb2 54. a5 Rb5 55. b7 Rxb7 56. Rxb7 Kh5 57. Rb1 f5 58. a6 Kg6 59. a7 Kh5 60. a8=Q Kg6 61. Qa6+ Kh5 62. Rg1 Kxh4 63. Rh1# 1-0

[Event "GER-ch Youth U10W 2020"]
[Site "Willingen"]
[Date "2020.10.30"]
[Round "5.8"]
[White "Blaufuß, Lena"]
[Black "Meier, Viktoria"]
[Result "0-1"]
[ECO "B10"]
[WhiteElo "1073"]
[BlackElo "1316"]
[Annotator "NA RC"]
[PlyCount "94"]
[EventDate "2020.10.27"]
[EventType "swiss"]
[EventRounds "7"]
[EventCountry "GER"]
[SourceTitle "playchess.com"]
[Source "ChessBase"]
[SourceQuality "1"]
[TimeControl "40/4500+30:900+30"]

1. e4 c6 2. Nf3 d5 3. Nc3 dxe4 4. Nxe4 Bf5 5. Ng3 Bg6 6. h4 h6 7. Ne5 Bh7 8. Qh5 g6 9. Qf3 Qd5 10. Qc3 Bg7 11. d4 e6 12. Be3 Nd7 13. f4 Nxe5 14. fxe5 Ne7 15. Rg1 Nf5 16. Nxf5 exf5 17. Bc4 Qe4 18. g3 b5 19. Be2 h5 20. O-O-O O-O 21. Rd3 Qd5 22. Kb1 a5 23. b3 a4 24. Rf1 axb3 25. cxb3 Rfc8 26. Bf3 Qd7 27. d5 cxd5 28. Rxd5 Rxc3 29. Rxd7 Rxe3 30. Bxa8 Rxg3 31. Re1 f4 32. e6 g5+ 33. Be4 fxe6 34. Bxh7+ Kxh7 35. hxg5 f3 36. Rf7 Kg6 37. Re7 f2 38. R7xe6+ Kxg5 39. R6e5+ Bxe5 40. Rxe5+ Kf4 41. Rxh5 f1=Q+ 42. Kb2 Qe2+ 43. Ka3 Qxh5 44. Kb4 Ke3 45. a4 bxa4 46. bxa4 Qh4+ 47. Kb5 Rg5+ 0-1

[Event "GER-ch Youth U10W 2020"]
[Site "Willingen"]
[Date "2020.10.30"]
[Round "5.9"]
[White "Halas, Neele Zoe"]
[Black "Stepanjan, Tatevik Mia"]
[Result "1/2-1/2"]
[ECO "B32"]
[WhiteElo "1295"]
[BlackElo "1030"]
[Annotator "NA RC"]
[PlyCount "92"]
[EventDate "2020.10.27"]
[EventType "swiss"]
[EventRounds "7"]
[EventCountry "GER"]
[SourceTitle "playchess.com"]
[Source "ChessBase"]
[SourceQuality "1"]
[TimeControl "40/4500+30:900+30"]

1. e4 c5 2. Nf3 Nc6 3. d4 e6 4. Be3 d6 5. dxc5 dxc5 6. Qxd8+ Nxd8 7. c4 Nf6 8. Nc3 Be7 9. h3 b6 10. O-O-O Bb7 11. Bd3 O-O 12. g4 h6 13. Rhg1 Nc6 14. Nd2 Rad8 15. Bc2 Nd4 16. e5 Nd7 17. f4 a5 18. Bxd4 cxd4 19. Nb5 Nc5 20. Bb1 Bc6 21. Nf1 Bxb5 22. cxb5 Rc8 23. Kd2 Rfd8 24. Nh2 d3 25. Rg2 Rc7 26. Ke3 Rcd7 27. Rgd2 g5 28. Nf3 f6 29. Bxd3 fxe5 30. fxe5 Rd5 31. Bc4 Rxd2 32. Rxd2 Rxd2 33. Nxd2 Kf7 34. Ne4 Nxe4 35. Kxe4 Bc5 36. Kd3 Ke7 37. a3 Kd7 38. a4 Ke7 39. b3 Kd7 40. Ke4 Ke7 41. Kd3 Kf7 42. Ke4 Ke7 43. Kd3 Kd7 44. Ke4 Ke7 45. Kd3 Kd7 46. Ke4 Ke7 1/2-1/2

[Event "GER-ch Youth U10W 2020"]
[Site "Willingen"]
[Date "2020.10.30"]
[Round "5.10"]
[White "Tran, Hanna Emilie Mai Hoa"]
[Black "Richter, Johanna"]
[Result "0-1"]
[ECO "B34"]
[WhiteElo "986"]
[BlackElo "1150"]
[Annotator "NA RC"]
[PlyCount "192"]
[EventDate "2020.10.27"]
[EventType "swiss"]
[EventRounds "7"]
[EventCountry "GER"]
[SourceTitle "playchess.com"]
[Source "ChessBase"]
[SourceQuality "1"]
[TimeControl "40/4500+30:900+30"]

1. e4 c5 2. Nf3 Nc6 3. d4 cxd4 4. Nxd4 Nf6 5. Nc3 e5 6. Ndb5 d6 7. Nd5 Nxd5 8. exd5 Nb8 9. Nc3 Be7 10. Bd3 O-O 11. O-O f5 12. f3 Nd7 13. b3 Nc5 14. f4 Nxd3 15. Qxd3 e4 16. Qg3 Bf6 17. Bb2 Bh4 18. Qh3 Bd7 19. Ba3 Bf6 20. Bxd6 Qb6+ 21. Kh1 Qxd6 22. Rad1 Bxc3 23. Qxc3 Rac8 24. Qe3 a6 25. c4 b5 26. cxb5 Bxb5 27. Rf2 Rfd8 28. a4 Be8 29. h3 Rc5 30. Rdf1 Rxd5 31. Qa7 Rd3 32. Kh2 Rxb3 33. Rc1 Qd3 34. Kg1 Rb1 35. Rcf1 Rxf1+ 36. Rxf1 Bxa4 37. Rc1 Bb5 38. Kh1 e3 39. Kh2 Qd7 40. Qxe3 Qd2 41. Qxd2 Rxd2 42. Rc8+ Kf7 43. Rc7+ Rd7 44. Rc5 g6 45. g4 Rd2+ 46. Kg1 fxg4 47. hxg4 Rd4 48. Rc7+ Rd7 49. Rc5 Rb7 50. f5 g5 51. Rc2 a5 52. Rh2 Kg7 53. Rh5 h6 54. f6+ Kg6 55. Rh3 Rd7 56. Rf3 Rf7 57. Rf5 a4 58. Rxb5 a3 59. Ra5 Rxf6 60. Rxa3 Rf4 61. Rg3 h5 62. gxh5+ Kxh5 63. Rh3+ Kg4 64. Rh2 Rf3 65. Rg2+ Rg3 66. Kh1 Kh4 67. Kg1 Rxg2+ 68. Kxg2 Kg4 69. Kf2 Kh3 70. Kg1 Kg3 71. Kf1 Kh2 72. Kf2 g4 73. Kf1 g3 74. Ke2 g2 75. Kd3 g1=Q 76. Ke4 Qd1 77. Ke5 Qd3 78. Ke6 Qd4 79. Kf5 Kh3 80. Ke6 Qc5 81. Kf6 Kh4 82. Ke6 Kg4 83. Kf6 Qf5+ 84. Ke7 Qg6 85. Kd7 Kf4 86. Kc7 Ke5 87. Kb7 Kd5 88. Kc7 Qd6+ 89. Kb7 Qc6+ 90. Ka7 Qh6 91. Kb7 Kc5 92. Kc7 Qh7+ 93. Kd8 Kc6 94. Ke8 Kd6 95. Kf8 Ke6 96. Ke8 Qh8# 0-1

[Event "GER-ch Youth U10W 2020"]
[Site "Willingen"]
[Date "2020.10.30"]
[Round "5.11"]
[White "Will, Elina"]
[Black "Zhou, Leyi Charlotte"]
[Result "1-0"]
[ECO "C44"]
[WhiteElo "1149"]
[BlackElo "1071"]
[Annotator "NA RC"]
[PlyCount "83"]
[EventDate "2020.10.27"]
[EventType "swiss"]
[EventRounds "7"]
[EventCountry "GER"]
[SourceTitle "playchess.com"]
[Source "ChessBase"]
[SourceQuality "1"]
[TimeControl "40/4500+30:900+30"]

1. e4 e5 2. Nf3 Nc6 3. d4 exd4 4. Nxd4 Qf6 5. c3 Bc5 6. Be3 Nge7 7. Be2 Qg6 8. Bf3 Ne5 9. O-O d6 10. Nd2 Bh3 11. Re1 Nd3 12. Qe2 Nxe1 13. Rxe1 O-O 14. Kh1 Bd7 15. Nc2 Bb6 16. Na3 Qe6 17. Ndc4 Bxe3 18. Nxe3 Rfe8 19. c4 Nc6 20. Nd5 Rac8 21. Nb5 Qe5 22. b3 a6 23. Nbxc7 Red8 24. Rd1 Nd4 25. Rxd4 Qxd4 26. Ne7+ Kf8 27. Nxc8 Rxc8 28. Nd5 Qa1+ 29. Qd1 Qxa2 30. Nb6 Rc6 31. Nxd7+ Ke7 32. e5 Kxd7 33. Bxc6+ bxc6 34. Qxd6+ Ke8 35. Qxc6+ Kf8 36. Qd6+ Ke8 37. Qc6+ Kd8 38. Qd6+ Kc8 39. Qf8+ Kb7 40. Qxf7+ Kc6 41. Qe6+ Kc5 42. Qd6# 1-0

[Event "GER-ch Youth U10W 2020"]
[Site "Willingen"]
[Date "2020.10.30"]
[Round "5.12"]
[White "Le, Thi An"]
[Black "Zhou, Jenny"]
[Result "1-0"]
[ECO "C54"]
[WhiteElo "976"]
[BlackElo "1131"]
[Annotator "NA RC"]
[PlyCount "76"]
[EventDate "2020.10.27"]
[EventType "swiss"]
[EventRounds "7"]
[EventCountry "GER"]
[SourceTitle "playchess.com"]
[Source "ChessBase"]
[SourceQuality "1"]
[TimeControl "40/4500+30:900+30"]

1. e4 e5 2. Nf3 Nc6 3. Bc4 Bc5 4. c3 Nf6 5. d4 exd4 6. cxd4 Bb4+ 7. Bd2 Bxd2+ 8. Nbxd2 d5 9. exd5 Nxd5 10. Qb3 Nce7 11. O-O O-O 12. Rfe1 c6 13. Re2 Nb6 14. Rae1 Ned5 15. Bd3 Be6 16. Qc2 h6 17. g3 Nb4 18. Qb1 Nxd3 19. Qxd3 c5 20. a3 c4 21. Qc2 Qd7 22. Nh4 Qd5 23. Ndf3 Bg4 24. Re3 Rac8 25. Qb1 Na4 26. b4 c3 27. Qc2 b5 28. Re5 Qb7 29. Re7 Qd5 30. R1e5 Qc6 31. Rc5 Nxc5 32. dxc5 Bxf3 33. Nxf3 Qxf3 34. Re3 Qc6 35. Qxc3 Rfe8 36. Rd3 Rcd8 37. Rxd8 Rxd8 38. Qc2 Qf3 1-0

[Event "GER-ch Youth U10W 2020"]
[Site "Willingen"]
[Date "2020.10.30"]
[Round "5.13"]
[White "Becker, Hanna Charlotte"]
[Black "Le, Thao-Linh"]
[Result "1-0"]
[ECO "D07"]
[WhiteElo "853"]
[BlackElo "1121"]
[Annotator "NA RC"]
[PlyCount "45"]
[EventDate "2020.10.27"]
[EventType "swiss"]
[EventRounds "7"]
[EventCountry "GER"]
[SourceTitle "playchess.com"]
[Source "ChessBase"]
[SourceQuality "1"]
[TimeControl "40/4500+30:900+30"]

1. d4 d5 2. c4 Nc6 3. cxd5 Qxd5 4. Nf3 e5 5. Nc3 Bb4 6. a3 Bxc3+ 7. bxc3 Bg4 8. Be3 Bxf3 9. exf3 Nf6 10. dxe5 Qxe5 11. Bb5 Qxb5 12. Rb1 Qe5 13. O-O O-O 14. Rxb7 Rab8 15. Bd4 Qd6 16. Rxb8 Rxb8 17. Qa4 Nxd4 18. cxd4 Qb6 19. h3 Rd8 20. Rd1 Nd5 21. Rd3 Nf4 22. Re3 Rxd4 23. Re6 1-0